 Dungeon Crawl Stone Soup version 0.30-a0-879-ga8ba668304 (webtiles) character file.

Game seed: 8657636533431481981

30 Parcival the Conjurer (level 3, -3/24 HPs)
             Began as a Human Conjurer on Mar 12, 2023.
             Killed from afar by Sigmund (7 damage)
             ... with a puff of flame
             ... on level 2 of the Dungeon.
             The game lasted 00:02:47 (1274 turns).

Parcival the Conjurer (Human Conjurer)              Turns: 1274, Time: 00:02:48

Health: -3/24      AC:  2    Str:  7    XL:     3   Next: 35%
Magic:  6/6        EV: 12    Int: 20    God:
Gold:   35         SH:  0    Dex: 11    Spells: 5/6 levels left

rFire   . . .      SeeInvis .    c - +0 dagger
rCold   . . .      Faith    .    (no shield)
rNeg    . . .      Spirit   .    a - +0 robe
rPois   .          Reflect  .    (no helmet)
rElec   .          Rampage  .    (no cloak)
rCorr   .                        (no gloves)
Will    .....                    (no boots)
Stlth   ++                       (no amulet)
HPRegen 0.24/turn                (no ring)
MPRegen 0.10/turn                (no ring)

@: no status effects
A: no striking features
a: no special abilities


You were on level 2 of the Dungeon.
You visited 1 branch of the dungeon, and saw 2 of its levels.

You collected 35 gold pieces.

Inventory:

Hand Weapons
 c - a +0 dagger (weapon)
Armour
 a - a +0 robe (worn)
Potions
 b - a potion of lignification
 d - a potion of brilliance {unknown}
 e - 2 potions of curing {unknown}


   Skills:
 + Level 2.1 Dodging
 + Level 2.3 Stealth
 + Level 2.3 Spellcasting
 + Level 4.6 Conjurations


You had 5 spell levels left.
You knew the following spells:

 Your Spells              Type           Power      Damage    Failure   Level
a - Magic Dart            Conj           80%        1d7       2%          1

Your spell library contained the following spells:

 Spells                   Type           Power      Damage    Failure   Level
 Searing Ray              Conj           40%        2d5       3%          2
 Dazzling Flash           Conj/Hex       22%        N/A       19%         3
 Fulminant Prism          Conj/Hex       5%         3d7       52%         4
 Iskenderun's Mystic Bla  Conj/Tloc      11%        2d4       52%         4


Dungeon Overview and Level Annotations

Branches:
Dungeon (2/15)

Altars:

Annotations:
D:2 Sigmund


Message History

Sigmund flickers and vanishes!
Deactivating autopickup; reactivate with Ctrl-A.
Casting: Magic Dart (safe; 2% risk of failure)
Confirm with . or Enter, or press ? or * to list all spells.
You can't see any susceptible monsters within range! (Use Z to cast anyway.)
Casting: Magic Dart (safe; 2% risk of failure)
Confirm with . or Enter, or press ? or * to list all spells.
You can't see any susceptible monsters within range! (Use Z to cast anyway.)
Casting: Magic Dart (safe; 2% risk of failure)
Confirm with . or Enter, or press ? or * to list all spells.
You can't see any susceptible monsters within range! (Use Z to cast anyway.)
A magic dart appears from out of thin air!
The magic dart hits you.
Casting: Magic Dart (safe; 2% risk of failure)
Confirm with . or Enter, or press ? or * to list all spells.
You can't see any susceptible monsters within range! (Use Z to cast anyway.)
A puff of flame appears from out of thin air!
The puff of flame misses you.
Casting: Magic Dart (safe; 2% risk of failure)
Confirm with . or Enter, or press ? or * to list all spells.
You can't see any susceptible monsters within range! (Use Z to cast anyway.)
A magic dart appears from out of thin air!
The magic dart hits you.
As you read the scroll labelled CEYMISM NILAUC, it crumbles to dust.
You hear a loud clanging noise!
It was a scroll of noise.
You hear an angry hiss.
Something hits you! Something barely misses you.
You hear some strange, mumbled words.
Something tries to affect you, but you resist.
You hear some strange, mumbled words.
A magic dart appears from out of thin air!
The magic dart hits you.
* * * LOW HITPOINT WARNING * * *
You hit something.
You hear some strange, mumbled words.
A puff of flame appears from out of thin air!
The puff of flame hits you!
You die...

### #.# ####
######.###.#######..#
####......##....#......#
..................###.##
$.######.....#..####..#
#######....#....###..##
#.......#........##.#####
#............###........#
#....$.{@....# ###......#
#.......#.#### #........#
...$.#......# #.#......#
..##.#.#....# #.#......#
. # #......# #.#......#
....#...# ####.....†...
.#.###..###............
#.#. #......#.......... #
.#....##..#........


There were no monsters in sight!

Vanquished Creatures
  7 bats
  6 endoplasms
  A giant cockroach (D:2)
  2 goblins (D:1)
  2 hobgoblins (D:1)
  3 quokkas
  3 ball pythons (D:1)
  A frilled lizard (D:2)
  A kobold (D:1)
  A rat (D:1)
27 creatures vanquished.

Notes
Turn   | Place    | Note
-------+----------+-------------------------------------------
     0 | D:1      | Parcival the Human Conjurer began the quest for the Orb.
     0 | D:1      | Reached XP level 1. HP: 13/13 MP: 3/3
   150 | D:1      | Reached XP level 2. HP: 19/19 MP: 3/5
   748 | D:1      | Found a faded altar of an unknown god.
   783 | D:1      | Reached XP level 3. HP: 24/24 MP: 3/6
  1256 | D:2      | Noticed Sigmund
  1274 | D:2      | Killed from afar by Sigmund

Illustrated notes

Levels and vault maps discovered:
D:1:      kennysheep_arrival_forest, layout_basic,
          hellmonk_ecumenical_altar_slurped_away, st_stairs_8
D:2:      layout_rooms, uniq_sigmund

Action                     || total
---------------------------++-------
  Melee: Unarmed           ||     5
         Dagger            ||     8
   Cast: Magic Dart        ||    46
    Use: Potion            ||     1
         Scroll            ||     2
 Armour: Robe              ||     7
  Dodge: Dodged            ||    17

Table legend: (Time is in decaauts)
 A = Elapsed time spent in this place.
 B = Non-inter-level travel time spent in this place.
 C = Inter-level travel time spent in this place.
 D = Time resting spent in this place.
 E = Time spent auto-exploring this place.
 F = Levels seen in this place.
 G = Mean time per level.
                   A        B        C        D        E       F      G
               +--------+--------+--------+--------+--------+-----+--------+
         Total |   1273 |   1244 |     29 |      0 |   1115 |   2 |  636.5 |
       Dungeon |   1273 |   1244 |     29 |      0 |   1115 |   2 |  636.5 |
               +--------+--------+--------+--------+--------+-----+--------+

Top non-repeatable levels by time:
     D:1: 1091 daAuts
     D:2: 181 daAuts
